 Dungeon Crawl Stone Soup version 0.21.1-1-g345015fe64 (webtiles) character file.

1566 Gargoyl the Envoy of Void (level 8, -5/68 HPs)
             Began as a Centaur Abyssal Knight on May 22, 2018.
             Was a High Priest of Lugonu.
             Killed by divine providence
             ... invoked by an orc priest
              (13 damage)
             ... on level 6 of the Dungeon.
             The game lasted 00:12:16 (6007 turns).

Gargoyl the Envoy of Void (Centaur Abyssal Knight)  Turns: 6007, Time: 00:12:17

Health: -5/68      AC: 18    Str: 16    XL:     8   Next: 59%
Magic:  11/11      EV:  2    Int: 16    God:    Lugonu [*****.]
Gold:   184        SH:  3    Dex: 10    Spells: 7/7 levels left

rFire    . . .     SeeInvis .   m - +2 hand axe (venom)
rCold    . . .     Gourm    .   f - +0 buckler
rNeg     . . .     Faith    .   x - +0 chain mail {MR+}
rPois    .         Spirit   .   (no helmet)
rElec    .         Reflect  .   r - +2 cloak {MR+}
rCorr    .         Harm     .   l - +0 pair of gloves
MR       ++...                  y - +1 centaur barding {Stlth+}
Stlth    ..........             (no amulet)
HPRegen  0.21/turn              w - +5 ring of intelligence
MPRegen  0.12/turn              (no ring)

@: very quick
A: large, hooves 3, deformed body, speed 2, tough skin 3
a: Depart the Abyss, Bend Space, Banish, Corrupt, Enter the Abyss, Renounce
Religion


You were on level 6 of the Dungeon.
You worshipped Lugonu.
Lugonu was extremely pleased with you.
You were hungry.

You visited 1 branch of the dungeon, and saw 6 of its levels.
You visited the Abyss 1 time.

You collected 345 gold pieces.
You spent 161 gold pieces at shops.

Inventory:

Hand Weapons
 a - a +2 hand axe
 b - a +0 whip of electrocution
 m - a +2 hand axe of venom (weapon)
 u - a +0 war axe
Armour
 f - a +0 buckler (worn)
 l - a +0 pair of gloves (worn)
 r - a +2 cloak of magic resistance (worn)
 x - a +0 chain mail of magic resistance (worn)
 y - a +1 centaur barding of stealth (worn)
Jewellery
 w - a +5 ring of intelligence (left hand)
Wands
 q - a wand of enslavement (13)
Scrolls
 h - a scroll of identify
 i - a scroll of amnesia
 j - a scroll of teleportation
 k - 3 scrolls of remove curse
Potions
 d - a potion of resistance {unknown}
 g - 5 potions of curing
 n - 2 potions of berserk rage
 o - 2 potions of mutation {unknown}
 p - 3 potions of heal wounds
 t - 2 potions of flight {unknown}
Books
 e - a book of Air

   Spells                             Type                      Level
   a - Shock                          Conjuration/Air              1
   b - Swiftness                      Charms/Air                   2
   c - Static Discharge               Conjuration/Air              3
   d - Airstrike                      Air                          4
   e - Lightning Bolt                 Conjuration/Air              5
Comestibles
 c - 14 rations
 s - 4 chunks of flesh


   Skills:
 + Level 5.1 Fighting
 + Level 5.1(5.3) Axes
 + Level 2.4(4.1) Maces & Flails
 * Level 4.6 Armour
 + Level 2.1 Dodging
 * Level 5.2 Invocations


You had 7 spell levels left.
You didn't know any spells.

Dungeon Overview and Level Annotations

Branches:
Dungeon (6/15)             Temple (0/1) D:5

Altars:
Cheibriados
Dithmenos
Gozag
Hepliaklqana
Kikubaaqudgha
Vehumet
Wu Jian
The Shining One

Shops:
D:5 *


Innate Abilities, Weirdness & Mutations

You have hooves in place of feet.
Armour fits poorly on your strangely shaped body.
You cover ground very quickly.
You have extremely tough skin. (AC +3)


Message History

The orc hits you but does no damage. The orc priest barely misses you.
You hit the orc priest.
The orc priest looks as sick as possible!
The orc priest is severely wounded.
You closely miss the orc priest. You closely miss the orc.
The orc priest mumbles some strange prayers to Beogh against you.
Beogh smites you! The orc hits you but does no damage.
The orc priest hits you but does no damage.
The orc priest calls down the wrath of Beogh upon you.
Beogh smites you!
* * * LOW HITPOINT WARNING * * *
The orc hits you but does no damage.
You hit the orc priest.
You kill the orc priest!
Lugonu accepts your kill.
You hit the orc priest.
Your chain mail prevents you from hitting the orc.
The orc priest mumbles some strange prayers to Beogh against you.
Beogh smites you!
You die...

###.............
##....................
###...?..............(..
#.......................
........................
%.......................
....................?...
......o.................
.......@.###............
.....{o### #............
.....## #............
.... ##........[.. ...
#....[..#... ..
##....####.. . #...##
#.. ##.## ##.. ### ##...


You could see an orc priest and an orc.

Vanquished Creatures
  Edmund (D:5)
  2 phantoms
  2 sky beasts
  An ice beast (D:5)
  An ogre (D:6)
  2 big kobolds (D:3)
  Blork the orc (D:5)
  A bullfrog zombie (D:5)
  A hound (D:5)
  2 orc priests (D:6)
  5 orc wizards
  3 worker ants
  10 gnolls (D:3)
  A howler monkey skeleton (D:4)
  11 adders
  2 oozes
  An adder skeleton (D:4)
  An adder zombie (D:6)
  3 worms
  A dart slug (D:2)
  4 leopard geckos
  14 orcs
  5 bats
  2 bat zombies (D:2)
  3 giant cockroaches
  37 goblins
  28 hobgoblins
  4 jackals (D:1)
  A quokka (D:5)
  2 ball pythons (D:2)
  6 frilled lizards
  A jackal skeleton (D:4)
  14 kobolds
  2 quokka skeletons
  10 rats
  2 rat zombies (D:2)
187 creatures vanquished.

Notes
Turn   | Place    | Note
-------+----------+-------------------------------------------
     0 | Abyss:1  | Gargoyl the Centaur Abyssal Knight began the quest for the Orb.
     0 | Abyss:1  | Reached XP level 1. HP: 19/19 MP: 2/2
   103 | Abyss:1  | Noticed a wizard
   104 | Abyss:1  | Noticed a balrug
   105 | Abyss:1  | Paralysed by a wizard for 3 turns
   109 | D:1      | Escaped the Abyss
   154 | D:1      | Reached XP level 2. HP: 22/26 MP: 3/3
   298 | D:1      | Reached * piety under Lugonu
   619 | D:2      | Reached XP level 3. HP: 31/31 MP: 4/4
   640 | D:2      | Noticed a sky beast
   659 | D:2      | Killed a sky beast
   659 | D:2      | Reached skill level 1 in Dodging
   659 | D:2      | Reached XP level 4. HP: 15/40 MP: 4/6
  1094 | D:2      | Reached XP level 5. HP: 46/46 MP: 7/7
  1304 | D:2      | Reached ** piety under Lugonu
  1997 | D:2      | Found an ancient bone altar of Kikubaaqudgha.
  2065 | D:3      | Reached skill level 1 in Maces & Flails
  2165 | D:3      | Reached XP level 6. HP: 40/52 MP: 8/8
  2437 | D:3      | Reached *** piety under Lugonu
  2957 | D:3      | Reached XP level 7. HP: 43/60 MP: 9/9
  3176 | D:3      | Reached **** piety under Lugonu
  3549 | D:3      | Found a shadowy altar of Dithmenos.
  3550 | D:3      | Found an ornate altar of the Wu Jian Council.
  4316 | D:4      | Found a hazy altar of Hepliaklqana.
  4941 | D:4      | Found a snail-covered altar of Cheibriados.
  4943 | D:4      | Found a radiant altar of Vehumet.
  5019 | D:5      | Entered Level 5 of the Dungeon
  5041 | D:5      | Found a staircase to the Ecumenical Temple.
  5091 | D:5      | Noticed Blork the orc
  5102 | D:5      | Killed Blork the orc
  5123 | D:5      | Reached XP level 8. HP: 52/67 MP: 11/11
  5220 | D:5      | Noticed Edmund
  5232 | D:5      | Killed Edmund
  5343 | D:5      | Found a glowing golden altar of the Shining One.
  5441 | D:5      | Reached ***** piety under Lugonu
  5498 | D:5      | Reached skill level 5 in Fighting
  5508 | D:5      | Found an opulent altar of Gozag.
  5514 | D:5      | Found Ewnuy's Assorted Antiques.
  5522 | D:5      | Bought a glowing chain mail for 142 gold pieces
  5522 | D:5      | Bought a scroll labeled GUYSES RAROAMOY for 19 gold pieces
  5780 | D:6      | Reached skill level 5 in Invocations
  5906 | D:6      | Reached skill level 5 in Axes
  6007 | D:6      | Killed from afar by an orc priest

Skill      XL: |  1  2  3  4  5  6  7  8 |
---------------+-------------------------+-----
Axes           | 2 3 5 |  5.1
Fighting       | 4 5 |  5.1
Armour         | 2 3 4 |  4.6
Dodging        | 1 2 |  2.1
Invocations    | 3 4 5 |  5.2
Maces & Flails | 1 2 |  2.4

Action                   |  1- 3 |  4- 6 |  7- 9 || total
-------------------------+-------+-------+-------++-------
Melee: Hand axe          |    22 |    12 |   180 ||   214
       Kick              |    11 |    46 |    54 ||   111
       Whip              |    55 |   226 |    49 ||   330
Invok: Depart the Abyss  |     1 |       |       ||     1
  Use: Scroll            |     1 |     8 |     5 ||    14
  Eat: Chunk             |       |     5 |     5 ||    10
       Ration            |       |       |     1 ||     1
Armor: Scale mail        |    52 |   270 |   142 ||   464
       Chain mail        |       |       |    82 ||    82
Dodge: Dodged            |    31 |    84 |    62 ||   177
Block: Buckler           |       |       |     9 ||     9
